 Dungeon Crawl Stone Soup version 0.23.2 (webtiles) character file.

Game seed: 5540441211135363074

12884 Kairos the Cleaver (level 11, -2/100 HPs)
             Began as a Minotaur Wanderer on Apr 2, 2019.
             Was a High Priest of Okawaru.
             Slain by Snorg (3 damage)
             ... on level 3 of the Lair of Beasts.
             The game lasted 00:17:11 (11976 turns).

Kairos the Cleaver (Minotaur Wanderer)             Turns: 11976, Time: 00:17:12

Health: -2/100     AC: 18    Str: 18    XL:     11   Next: 68%
Magic:  9/11       EV: 18    Int:  9    God:    Okawaru [*****.]
Gold:   686        SH:  0    Dex: 15    Spells: 9/10 levels left

rFire    . . .     SeeInvis .   b - +1 hand axe (elec)
rCold    . . .     Gourm    .   (no shield)
rNeg     . . .     Faith    .   d - +4 scale mail
rPois    .         Spirit   .   o - +1 hat
rElec    .         Reflect  .   v - +0 cloak
rCorr    .         Harm     .   j - +0 pair of gloves
MR       .....                  (no boots)
Stlth    ++........             r - amulet of rage
HPRegen  0.26/turn              z - +3 ring of dexterity
MPRegen  0.12/turn              u - +1 ring of evasion

@: heroism
A: retaliatory headbutt, horns 2
a: Heroism, Finesse, Renounce Religion, Evoke Berserk Rage


You were on level 3 of the Lair of Beasts.
You worshipped Okawaru.
Okawaru was extremely pleased with you.
You were not hungry.

You visited 3 branches of the dungeon, and saw 12 of its levels.
You also visited: Sewer.

You collected 686 gold pieces.

Inventory:

Hand Weapons
 a - a +0 club
 b - a +1 hand axe of electrocution (weapon)
 q - a +0 morningstar
 t - the +0 dagger of the Forest {elec, +Inv rC+ MR- Dex+4}
   (You found it on level 4 of the Dungeon)

   Occasionally, upon striking a foe, it will discharge some electrical energy
   and cause terrible harm.
   It affects your dexterity (+4).
   It protects you from cold.
   It affects your resistance to hostile enchantments.
   It lets you turn invisible.
 F - a +1 mace of protection
 U - a +2 dire flail of crushing
Missiles
 m - 3 throwing nets
 y - 17 tomahawks (quivered)
 R - 2 javelins of penetration
 T - 3 poisoned javelins
Armour
 d - a +4 scale mail (worn)
 j - a +0 pair of gloves (worn)
 o - a +1 hat (worn)
 v - a +0 cloak (worn)
Jewellery
 l - an uncursed ring of flight
 r - an amulet of rage (around neck)
 u - a +1 ring of evasion (right hand)
 z - a +3 ring of dexterity (left hand)
 D - an uncursed amulet of magic regeneration
 J - a +5 ring of intelligence
 N - an uncursed ring of protection from cold {unknown}
Wands
 c - a wand of iceblast (18)
 H - a wand of polymorph (17)
 M - a wand of acid (7)
Scrolls
 g - 6 scrolls of remove curse
 k - a scroll of fear {unknown}
 p - a scroll of random uselessness {unknown}
 s - 3 scrolls of blinking
 C - a scroll of teleportation {unknown}
 G - 2 scrolls of silence {unknown}
 I - a scroll of immolation {unknown}
 L - a scroll of fog {unknown}
 P - a scroll of identify
 Q - a scroll of brand weapon {unknown}
 S - a scroll of enchant weapon {unknown}
Potions
 e - 4 potions of lignification
 h - a potion of magic
 i - 2 potions of curing
 n - 2 potions of haste {unknown}
 w - 4 potions of flight
 x - 4 potions of agility
 A - 4 potions of heal wounds
 B - 3 potions of brilliance
 K - a potion of resistance
 O - a potion of might {unknown}
Miscellaneous
 E - a phantom mirror
Comestibles
 f - 16 rations


   Skills:
 + Level 10.2(15.2) Fighting
 + Level 13.4(18.6) Axes
 + Level 3.5(14.6) Maces & Flails
 + Level 11.0(16.0) Armour
 + Level 6.8(11.8) Dodging
 + Level 1.6(6.6) Stealth
   Level 1.2(6.2) Shields
   Level 1.3 Translocations
   Level 2.1 Ice Magic
 + Level 2.5 Invocations
 + Level 1.4 Evocations


You had 9 spell levels left.
You knew the following spells:

 Your Spells              Type           Power        Failure   Level  Hunger
a - Infusion              Chrm           #...         65%         1    ##.....

Your spell library contained the following spells:

 Spells                   Type           Power        Failure   Level  Hunger
 Corona                   Hex            #......      65%         1    ##.....
 Flame Tongue             Conj/Fire      #....        65%         1    ##.....
 Shock                    Conj/Air       #...         65%         1    ##.....
 Ensorcelled Hibernation  Hex/Ice        #.....       65%         2    ###....
 Throw Frost              Conj/Ice       #.....       65%         2    ###....
 Slow                     Hex            #.......     80%         2    ###....
 Swiftness                Chrm/Air       #.......     80%         2    ###....
 Throw Flame              Conj/Fire      #.....       80%         2    ###....
 Ozocubu's Armour         Chrm/Ice       #.......     86%         3    ####...
 Portal Projectile        Hex/Tloc       #.....       90%         3    ####...
 Conjure Flame            Conj/Fire      #.......     95%         3    ####...
 Inner Flame              Hex/Fire       #.......     95%         3    ####...
 Static Discharge         Conj/Air       #.......     95%         3    ####...
 Airstrike                Air            #.........   100%        4    #####..
 Cause Fear               Hex            #.........   100%        4    #####..
 Leda's Liquefaction      Hex/Erth       #.........   100%        4    #####..
 Sticky Flame             Conj/Fire      #.......     100%        4    #####..
 Fireball                 Conj/Fire      #.........   100%        5    ######.
 Lightning Bolt           Conj/Air       #.........   100%        5    ######.


Dungeon Overview and Level Annotations

Branches:
Dungeon (8/15)             Temple (1/1) D:4            Lair (3/6) D:8
  Swamp: Lair:2-4    Shoals: Lair:2-4     Snake: Lair:2-4    Spider: Lair:2-4

Altars:
Ashenzari
Cheibriados
Dithmenos
Elyvilon
Fedhas
Gozag
Hepliaklqana
Kikubaaqudgha
Makhleb
Nemelex Xobeh
Okawaru
Ru
Sif Muna
Trog
Uskayaw
Vehumet
Wu Jian
Xom
Yredelemnul
The Shining One

Shops:
D:4 (

Annotations:
Lair:3 Snorg


Innate Abilities, Weirdness & Mutations

You reflexively headbutt those who attack you in melee.
You have a pair of horns on your head.


Message History

Snorg is severely wounded.
You hit the wolf but do no damage. Lightning courses through the wolf!
You kill the wolf!
Okawaru accepts your kill.
You completely miss the spriggan rider. Snorg bites you!
* * * LOW HITPOINT WARNING * * *
Snorg claws you.
* * * LOW HITPOINT WARNING * * *
Snorg misses you.
You hit Snorg. Lightning courses through Snorg!
Snorg is severely wounded.
You hit the spriggan rider but do no damage.
Lightning courses through the spriggan rider!
The spriggan rider hits you but does no damage.
Snorg bites you!
* * * LOW HITPOINT WARNING * * *
Snorg claws you!
* * * LOW HITPOINT WARNING * * *
Snorg claws you.
You die...

...............8
...............$.
.........♣%......
.........♣.......
.................
......!..........
..........t......
##....÷Ti.......
#.....<@..P##.##
#.....÷...##
#........#.#
#P........#.#
####.#......#
###.......
#.......
.........


You could see Snorg (berserk), a spriggan rider and a crocodile.

Vanquished Creatures
  Gastronok (Lair:2)
  A hydra (Lair:1)
  Harold (D:6)
  A black mamba (Lair:2)
  Joseph (D:7)
  A spiny frog (Lair:1)
  2 komodo dragons
  A queen bee (D:8)
  2 hippogriffs
  A basilisk (Lair:2)
  2 wargs (D:8)
  7 water moccasins
  2 orc warriors
  4 porcupines
  A black bear (D:7)
  A sky beast (D:7)
  5 phantoms
  2 centaurs
  A necrophage (D:6)
  An ogre (D:7)
  10 crocodiles
  26 wolves
  A big kobold (Sewer)
  4 bullfrogs
  A wyvern zombie (D:6)
  A gnoll sergeant (D:5)
  A wyvern skeleton (D:8)
  20 killer bees (D:8)
  4 crimson imps (D:7)
  A hound (D:4)
  7 orc wizards
  8 orc priests
  A bullfrog skeleton (D:7)
  A centaur skeleton (D:3)
  3 worker ants
  Robin (D:2)
  8 gnolls (D:5)
  A worker ant zombie (D:7)
  9 adders
  A shadow imp (D:7)
  2 oozes
  3 worms
  5 dart slugs
  9 leopard geckos
  42 orcs
  3 ball pythons (Sewer)
  12 bats
  9 giant cockroaches
  2 gnoll zombies (D:2)
  19 goblins
  6 hobgoblins
  3 jackals (D:2)
  16 kobolds
  2 quokkas
  7 frilled lizards
  A giant cockroach zombie (D:5)
  A quokka skeleton (D:4)
  12 rats
301 creatures vanquished.

Notes
Turn   | Place    | Note
-------+----------+-------------------------------------------
     0 | D:1      | Kairos the Minotaur Wanderer began the quest for the Orb.
     0 | D:1      | Kairos set off with the following items: a +0 club, a +2
                  | scale mail, a ration; and the following spell memorised:
                  | Infusion; and the following spells available to memorise:
                  | Ensorcelled Hibernation, Throw Frost, Ozocubu's Armour
     0 | D:1      | Reached XP level 1. HP: 16/16 MP: 0/0
   101 | D:1      | Reached XP level 2. HP: 17/23 MP: 1/1
   429 | D:1      | Reached XP level 3. HP: 27/29 MP: 2/2
   563 | D:2      | Found a basalt altar of Yredelemnul.
   609 | D:2      | Noticed Robin
   619 | D:2      | Reached skill level 1 in Axes
   631 | D:2      | Killed Robin
   631 | D:2      | Reached XP level 4. HP: 5/36 MP: 3/3
  1311 | D:2      | Reached skill level 1 in Maces & Flails
  1692 | D:3      | Reached skill level 2 in Axes
  2061 | D:3      | Reached XP level 5. HP: 42/42 MP: 4/4
  2707 | D:3      | Reached skill level 3 in Axes
  2707 | D:3      | Reached skill level 5 in Armour
  2707 | D:3      | Reached skill level 1 in Dodging
  3145 | D:4      | Noticed a phantom
  3181 | D:4      | Killed a phantom
  3181 | D:4      | Reached skill level 4 in Axes
  3181 | D:4      | Reached XP level 6. HP: 37/51 MP: 5/5
  3549 | D:4      | Found a staircase to the Ecumenical Temple.
  3566 | D:4      | Reached XP level 7. HP: 51/57 MP: 6/6
  3567 | D:4      | Reached skill level 5 in Axes
  3571 | Temple   | Entered the Ecumenical Temple
  3634 | Temple   | Became a worshipper of Warmaster Okawaru
  3748 | D:4      | Found an ancient bone altar of Kikubaaqudgha.
  3748 | D:4      | Found a snail-covered altar of Cheibriados.
  3789 | D:4      | Noticed a two-headed ogre
  3791 | D:4      | Found Angeonuu's Weapon Emporium.
  3802 | D:4      | HP: 1/57 [two-headed ogre/+0 giant club (15)]
  4085 | D:4      | Got a smoking dagger
  4086 | D:4      | Identified the cursed +0 dagger of the Forest {elec, +Inv
                  | rC+ MR- Dex+4} (You found it on level 4 of the Dungeon)
  4402 | D:5      | Entered Level 5 of the Dungeon
  4467 | D:5      | Found a glowing drain.
  4483 | Sewer    | Entered a sewer
  4569 | Sewer    | Reached skill level 6 in Axes
  5369 | D:5      | You fall through a shaft for 3 floors!
  5378 | D:8      | Reached XP level 8. HP: 67/67 MP: 7/7
  5422 | D:8      | Reached * piety under Okawaru
  5422 | D:8      | Reached skill level 7 in Axes
  5432 | D:8      | Reached skill level 5 in Fighting
  5787 | D:8      | Noticed a queen bee
  5830 | D:8      | Found a staircase to the Lair.
  5845 | D:8      | Reached skill level 8 in Axes
  5859 | D:8      | Reached ** piety under Okawaru
  5870 | D:8      | Killed a queen bee
  5870 | D:8      | Reached skill level 1 in Stealth
  5870 | D:8      | Reached XP level 9. HP: 47/75 MP: 4/8
  6370 | D:6      | Reached *** piety under Okawaru
  6370 | D:6      | Reached skill level 9 in Axes
  7071 | D:6      | Found a shimmering altar of Xom.
  7216 | D:5      | Found a white marble altar of Elyvilon.
  7392 | D:7      | Noticed Harold
  7422 | D:6      | Killed Harold
  7422 | D:6      | Reached skill level 10 in Axes
  7422 | D:6      | Reached skill level 5 in Dodging
  7792 | D:7      | Reached **** piety under Okawaru
  7801 | D:7      | Noticed Joseph
  7812 | D:7      | Killed Joseph
  7812 | D:7      | Reached XP level 10. HP: 80/86 MP: 10/10
  8272 | D:8      | Reached skill level 11 in Axes
  8545 | D:8      | Found a sparkling altar of Nemelex Xobeh.
  8545 | D:8      | Found a sacrificial altar of Ru.
  8546 | D:8      | Found a radiant altar of Vehumet.
  8801 | Lair:1   | Entered Level 1 of the Lair of Beasts
  8814 | Lair:1   | Reached skill level 1 in Invocations
  8878 | Lair:1   | Reached skill level 10 in Armour
  9245 | Lair:1   | Noticed a five-headed hydra
  9256 | Lair:1   | Killed a five-headed hydra
  9366 | Lair:1   | Reached skill level 12 in Axes
  9414 | Lair:1   | Noticed a spiny frog
  9421 | Lair:1   | Killed a spiny frog
  9421 | Lair:1   | Reached ***** piety under Okawaru
 10210 | Lair:2   | Reached XP level 11. HP: 85/97 MP: 11/11
 10428 | Lair:2   | Noticed Gastronok
 10444 | Lair:2   | Killed Gastronok
 10444 | Lair:2   | Received a gift from Okawaru
 10725 | Lair:2   | Received a gift from Okawaru
 11060 | Lair:3   | Noticed a spriggan rider
 11068 | Lair:3   | Reached skill level 10 in Fighting
 11069 | Lair:3   | Reached skill level 13 in Axes
 11072 | Lair:3   | Received a gift from Okawaru
 11553 | Lair:3   | Noticed Snorg
 11976 | Lair:3   | HP: 1/100 [Snorg (9)]
 11976 | Lair:3   | Slain by Snorg

Skill      XL: |  1  2  3  4  5  6  7  8  9 10 11 |
---------------+----------------------------------+-----
Armour         | 3 4 5 6 8 9 10 11 | 11.0
Axes           | 1 2 4 6 8 10 12 13 | 13.4
Fighting       | 2 3 4 5 7 9 10 | 10.2
Maces & Flails | 1 2 3 |  3.5
Dodging        | 1 2 3 5 6 |  6.8
Stealth        | 1 |  1.6
Invocations    | 1 2 |  2.5
Shields        | |  1.2
Translocations | |  1.3
Ice Magic      | |  2.1
Evocations     | |  1.4

Action                   |  1- 3 |  4- 6 |  7- 9 | 10-12 || total
-------------------------+-------+-------+-------+-------++-------
Melee: Hand axe          |    73 |   117 |   274 |   231 ||   695
       Club              |     4 |       |       |       ||     4
       Headbutt          |     6 |    25 |    50 |    50 ||   131
       Mace              |       |       |       |     8 ||     8
       Punch             |       |       |       |     2 ||     2
       Dire flail        |       |       |       |     4 ||     4
Invok: Heroism           |       |       |     3 |     9 ||    12
       Finesse           |       |       |       |     1 ||     1
 Abil: Evoke Berserk Rag |       |       |     1 |       ||     1
  Use: Scroll            |     2 |     6 |     9 |     3 ||    20
       Potion            |       |       |     9 |       ||     9
  Eat: Chunk             |       |     5 |     5 |     4 ||    14
       Ration            |       |     1 |     3 |     3 ||     7
Armor: Scale mail        |    57 |    46 |   118 |   141 ||   362
Dodge: Dodged            |    44 |    55 |   170 |   226 ||   495
